 Dungeon Crawl Stone Soup version 0.20.0-15-g7f486f2 (webtiles) character file.

213 KleinerIrrer the Grasshopper (level 5, -7/46 HPs)
             Began as a Naga Warper on June 28, 2017.
             Splashed by a jelly's acid (8 damage)
             ... on level 2 of the Dungeon.
             The game lasted 00:09:53 (4034 turns).

KleinerIrrer the Grasshopper (Naga Warper)          Turns: 4034, Time: 00:09:54

Health: -7/46      AC:  0    Str: 13    XL:     5   Next: 90%
Magic:  9/9        EV: 10    Int: 14    God:
Gold:   153        SH:  0    Dex: 11    Spells: 6/10 levels left

rFire    . . .     SeeInvis +   a - +1 spear
rCold    + . .     Gourm    .   (no shield)
rNeg     . . .     Faith    .   b - +0 leather armour
rPois    +         Spirit   .   (no helmet)
rElec    .         Reflect  .   n - scarf {repulsion}
rCorr    .         Harm     .   (no gloves)
MR       .....                  (no barding)
Stlth    +.........             (no amulet)
Regen    0.2/turn               q - ring of protection from cold
MPRegen  0.2/turn               (no ring)

@: corroded, berserk cooldown, slowed, repel missiles, very slow
A: see invisible, deformed body, poison resistance, slowness 2, slow metabolism
1, spit poison 1, AC +1
a: Spit Poison


You were on level 2 of the Dungeon.
You were not hungry.

You visited 1 branch of the dungeon, and saw 3 of its levels.

You collected 153 gold pieces.

Inventory:

Hand Weapons
 a - a +1 spear (weapon)
Missiles
 e - 5 tomahawks of dispersal (quivered)
Armour
 b - a +0 leather armour (worn)
 n - a scarf of repulsion (worn)
 s - a +0 cloak
Jewellery
 q - a ring of protection from cold (left hand)
Scrolls
 d - a scroll of blinking
 g - a scroll of identify
 j - 2 scrolls of remove curse
 m - 2 scrolls of enchant weapon
 p - 2 scrolls of recharging
 u - a scroll of teleportation {unknown}
 v - a scroll of amnesia {unknown}
 y - a scroll of fear
Potions
 i - a potion of agility
 l - a potion of flight
 o - a potion of berserk rage
 t - a potion of curing {unknown}
 w - 3 potions of magic {unknown}
 x - a potion of cancellation {unknown}
Books
 c - a book of Spatial Translocations

   Spells                             Type                      Level
   a - Blink                          Translocation                2
   b - Shroud of Golubria             Charms/Translocation         2
   c - Lesser Beckoning               Translocation                3
   d - Gell's Gravitas                Translocation                3
   e - Teleport Other                 Translocation                3
   f - Passage of Golubria            Translocation                4
Comestibles
 f - a bread ration
 h - 3 royal jellies
 k - 3 meat rations


   Skills:
 + Level 2.3 Fighting
 * Level 3.6 Polearms
 - Level 1.0 Throwing
 + Level 1.5 Armour
 + Level 2.1 Dodging
 + Level 3.0 Spellcasting
 * Level 3.8 Translocations


You had 6 spell levels left.
You knew the following spells:

 Your Spells              Type           Power        Failure   Level  Hunger
a - Blink                 Tloc           N/A          9%          2    ##.....
b - Shroud of Golubria    Chrm/Tloc      #.........   19%         2    ##.....


Dungeon Overview and Level Annotations

Branches:
Dungeon (3/15)

Altars:
Dithmenos
Nemelex Xobeh
Xom
Yredelemnul


Innate Abilities, Weirdness & Mutations

You cannot wear boots.
Your serpentine skin is tough. (AC +1)
You have supernaturally acute eyesight. (SInv)
Armour fits poorly on your strangely shaped body.
Your system is resistant to poisons. (rPois)
You cover ground very slowly.
You have a slow metabolism.
You can spit poison.


Message History

A red film seems to cover your vision as you go berserk!
You feel yourself moving faster!
You feel mighty!
You feel a strong urge to attack something.
You feel your anger subside.
You are no longer berserk.
You are exhausted.
You feel yourself slow down.
You are no longer corroded.
The ooze jiggles.
You're still recovering from your berserk rage.
You barely miss the jelly.
The jelly is heavily wounded.
The jelly hits you.
* * * LOW HITPOINT WARNING * * *
The acid corrodes you!
You are splashed with acid!
The acid burns!
* * * LOW HITPOINT WARNING * * *
The jelly hits you.
* * * LOW HITPOINT WARNING * * *
You are splashed with acid!
The acid burns!
You die...

#.# #........# #.#
#........# #J#
#........# #J#
#######.## #.# #.# #.#
#.# #.# #.#
#.####################.#
#........JJ@...........#
########################


You could see a jelly and an ooze.

Vanquished Creatures
  A crimson imp (D:3)
  7 adders
  5 oozes
  3 worms (D:3)
  A leopard gecko (D:3)
  3 giant cockroaches
  10 goblins
  6 hobgoblins
  12 jackals
  18 kobolds
  A quokka (D:3)
  3 ball pythons
  8 bats
  6 frilled lizards
  3 rats (D:1)
87 creatures vanquished.

Vanquished Creatures (others)
  2 fungi (D:2)
  6 toadstools (D:2)
8 creatures vanquished.

Grand Total: 95 creatures vanquished

Notes
Turn   | Place    | Note
-------+----------+-------------------------------------------
     0 | D:1      | KleinerIrrer the Naga Warper began the quest for the Orb.
     0 | D:1      | Reached XP level 1. HP: 19/19 MP: 3/3
    94 | D:1      | Reached skill level 1 in Throwing
    94 | D:1      | Reached XP level 2. HP: 2/26 MP: 5/5
   397 | D:1      | Learned a level 2 spell: Blink
   400 | D:1      | Learned a level 2 spell: Shroud of Golubria
   985 | D:1      | Reached XP level 3. HP: 32/32 MP: 3/6
  1336 | D:2      | Reached skill level 1 in Armour
  1795 | D:2      | Found a shimmering altar of Xom.
  1798 | D:2      | Found a shadowy altar of Dithmenos.
  1798 | D:2      | Found a basalt altar of Yredelemnul.
  1815 | D:2      | Reached XP level 4. HP: 23/39 MP: 4/7
  2076 | D:2      | You fall through a shaft!
  3169 | D:3      | Reached XP level 5. HP: 24/45 MP: 9/9
  3509 | D:3      | Found a sparkling altar of Nemelex Xobeh.
  4034 | D:2      | HP: 1/46 [jelly (2)]
  4034 | D:2      | Splashed by a jelly's acid

Skill      XL: |  1  2  3  4  5 |
---------------+----------------+-----
Throwing       | 1 |  1.0
Armour         | 1 |  1.5
Dodging        | 2 |  2.1
Polearms       | 3 |  3.6
Spellcasting   | 3 |  3.0
Fighting       | |  2.3
Translocations | |  3.8

Action                   |  1- 3 |  4- 6 || total
-------------------------+-------+-------++-------
Melee: Spear             |   181 |   255 ||   436
 Cast: Shroud of Golubri |    10 |    20 ||    30
       Blink             |     3 |       ||     3
  Use: Potion            |     1 |     2 ||     3
       Scroll            |       |     7 ||     7
 Stab: Sleeping          |     1 |       ||     1
  Eat: Chunk             |     3 |     4 ||     7
       Bread ration      |       |     1 ||     1
Armor: Leather armour    |    47 |    48 ||    95
Dodge: Dodged            |    93 |   107 ||   200
       Deflected         |     3 |     3 ||     6
